[Event "FIDE Candidates Tournament 2022"]
[Site "Madrid"]
[Date "2022.06.17"]
[Round "1.1"]
[White "Duda, Jan-Krzysztof"]
[Black "Rapport, Richard"]
[Result "1/2-1/2"]
[ECO "B44"]
[WhiteElo "2750"]
[BlackElo "2776"]
[Annotator "TA"]
[PlyCount "137"]
[EventDate "2022.06.17"]
[EventType "tourn"]
[EventCountry "ESP"]
[SourceTitle "playchess.com"]
[Source "ChessBase"]
[SourceQuality "1"]
[TimeControl "40/7200:20/3600:900+30"]

1. e4 c5 2. Nf3 e6 3. d4 cxd4 4. Nxd4 Nc6 5. Bf4 d6 6. Nxc6 {[%emt 0:00:25] B44: Sicilian: Taimanov: 5 Nb5.} bxc6 {[%emt 0:00:05] [#]} 7. Bd3 $146 ({Predecessor:} 7. c4 Rb8 8. Qc2 e5 9. Be3 Nf6 10. Nc3 Qc7 11. Be2 Be7 12. O-O O-O 13. Rac1 {½-½ (62) Rapport,R (2763)-Caruana,F (2806) Saint Louis 2021}) 7... Ne7 8. c4 g6 9. c5 e5 (9... d5 $14) 10. Bg5 $16 Bg7 {[%emt 0:02:59] [#] Against Bf6} (10... d5 $1 $14) 11. cxd6 $1 Qxd6 12. O-O Be6 13. Na3 Rd8 14. Be2 Qxd1 15. Rfxd1 Rxd1+ 16. Bxd1 (16. Rxd1 $142 {[%cal Oa3b5] aiming for Nb5!} Bxa2 17. Nc4) 16... Kd7 17. Be2 (17. Ba4 $5 Rb8 18. b3 $14 (18. Rd1+ Ke8 $14)) 17... Nc8 18. Rd1+ Kc7 19. Bc4 Bg4 20. f3 f6 $1 21. Be3 Bd7 22. Be2 {[%emt 0:06:07] White is much more active. The black rooks are badly placed.} h5 23. Nc2 Bf8 {[%emt 0:01:48] Against Nb4} 24. a3 a5 25. Kf1 (25. Rc1 $16) 25... Be6 $11 26. Bd2 Kb6 27. Ne3 {[%emt 0:00:27] Strongly threatening Bc4.} Nd6 {[%emt 0:02:15] Against Bc4} 28. Rc1 c5 ({Better is} 28... Be7 $11) 29. Be1 (29. b4 $14 axb4 30. axb4) 29... Bh6 30. Rd1 Rd8 (30... Kc6 $11 {keeps the balance.} 31. Nd5 Bxd5 32. Rxd5 Rb8) 31. Nd5+ $16 Bxd5 32. Rxd5 Be3 33. Rd3 ({White should try} 33. b3 $16) 33... Bd4 $11 34. Rb3+ Kc6 35. Bxa5 Ra8 36. Rb6+ Kd7 37. Ra6 Rxa6 38. Bxa6 Bxb2 {[%emt 0:00:22][%mdl 4096] Endgame KBB-KBN} 39. a4 c4 {[%emt 0:00:56] [#] Threatens to win with ...c3.} 40. Bb4 h4 41. Ke2 Kc6 42. Ba5 Bc1 43. Bd8 {[%emt 0:02:49] A strong pair of Bishops.} Bg5 44. Kd1 Kd7 45. Bb6 {[%emt 0:00:36] Hoping for Bb5+.} Kc6 {[%emt 0:01:27] Inhibits Bb5+.} 46. a5 Bf4 (46... f5 $1 $11) 47. Kc2 (47. Bd8 $14) 47... f5 48. Kc3 fxe4 49. fxe4 Nxe4+ 50. Kxc4 Nd6+ {[%emt 0:00:09] The position is equal.} 51. Kb4 Bxh2 52. Be2 e4 53. Bc5 {[%emt 0:05:31][%mdl 1024] White has compensation.} Nf5 54. Bb5+ Kc7 $1 55. Bb6+ Kb7 56. Bc4 {[%emt 0:00:05] Black must now prevent Bd5+.} Nd6 57. Be2 Kc6 58. Bc5 Nf5 59. Bb5+ Kc7 $1 60. a6 {[%emt 0:00:00] Intending a7 and mate.} Bd6 61. a7 Bxc5+ 62. Kxc5 {[%emt 0:00:04] KB-KN} Kb7 63. Bc6+ Kxa7 64. Bxe4 Ne3 65. Kd4 Nxg2 66. Bxg2 g5 67. Bh3 g4 68. Bxg4 h3 69. Bxh3 {[%emt 0:18:10] Weighted Error Value: White=0.15 (very precise) /Black=0.12 (very precise)} 1/2-1/2

[Event "FIDE Candidates Tournament 2022"]
[Site "Madrid"]
[Date "2022.06.21"]
[Round "4.3"]
[White "Duda, Jan-Krzysztof"]
[Black "Radjabov, Teimour"]
[Result "1/2-1/2"]
[ECO "C65"]
[WhiteElo "2750"]
[BlackElo "2753"]
[Annotator "TA"]
[PlyCount "81"]
[EventDate "2022.06.17"]
[EventType "tourn"]
[EventCountry "ESP"]
[SourceTitle "playchess.com"]
[Source "ChessBase"]
[SourceQuality "1"]
[TimeControl "40/7200:20/3600:900+30"]

1. e4 e5 2. Nf3 Nc6 3. Bb5 Nf6 4. d3 Bc5 5. Bg5 h6 6. Bh4 {[%emt 0:00:39] C65: Ruy Lopez: Berlin Defence (3...Nf6), unusual lines and 4 0-0 Bc5.} d6 7. Nc3 Bd7 {[%emt 0:10:32] [#]} 8. Na4 $146 ({Predecessor:} 8. Nd5 g5 9. Bg3 Nxd5 10. exd5 Ne7 11. Bxd7+ Qxd7 12. Qe2 Bb6 13. O-O-O O-O-O 14. d4 {1-0 (41) Bellahcene,B (2528)-Chen,J (2059) Chess.com INT 2021}) 8... Bb4+ 9. c3 Ba5 10. b4 {[%emt 0:01:03] [#] aiming for Bxf6.} Bb6 11. O-O Ne7 12. Bxf6 gxf6 13. Bxd7+ ({Don't play} 13. Nxb6 axb6 14. Bc4 Ng6 $11) 13... Qxd7 14. Nh4 Rg8 {[%emt 0:03:44] [#] Threatens to win with ...Qh3.} 15. Kh1 O-O-O 16. Nxb6+ axb6 17. Qf3 f5 $1 {[%emt 0:06:34] The position is equal.} 18. exf5 Rg5 19. a4 Nxf5 20. Nxf5 Qxf5 21. Qe3 Rdg8 22. Rg1 Qf4 23. Qxf4 exf4 $11 {[%emt 0:00:22][%mdl 4096] Endgame KRR-KRR} 24. Rae1 Re5 {[%emt 0:06:17] Prevents Re7.} 25. d4 Ree8 26. g3 Rxe1 27. Rxe1 fxg3 28. hxg3 {[%emt 0:01:33] KR-KR} Kd7 29. Kg2 Ra8 30. Rh1 Rxa4 31. Rxh6 c5 32. dxc5 bxc5 33. bxc5 dxc5 34. Rf6 Ke7 35. Rb6 Ra3 36. Rxb7+ Kf6 37. Kf3 Rxc3+ 38. Ke4 Rc4+ 39. Ke3 Rc3+ 40. Ke4 Rc4+ 41. Ke3 {[%emt 0:00:08] Weighted Error Value: White=0.04 (flawless) /Black=0.04 (flawless)} 1/2-1/2

[Event "FIDE Candidates Tournament 2022"]
[Site "Madrid"]
[Date "2022.06.25"]
[Round "7.2"]
[White "Duda, Jan-Krzysztof"]
[Black "Nakamura, Hikaru"]
[Result "1/2-1/2"]
[ECO "E48"]
[WhiteElo "2750"]
[BlackElo "2760"]
[Annotator "TA"]
[PlyCount "80"]
[EventDate "2022.06.17"]
[EventType "tourn"]
[EventCountry "ESP"]
[SourceTitle "playchess.com"]
[Source "ChessBase"]
[SourceQuality "1"]
[TimeControl "40/7200:20/3600:900+30"]

1. d4 Nf6 2. c4 e6 3. Nc3 Bb4 4. e3 O-O 5. Bd3 c5 6. Nge2 d5 7. cxd5 cxd4 8. exd4 Nxd5 9. O-O Nc6 10. a3 Bd6 $1 {[%emt 0:00:42] 10...Bd6 is better than 10...Be7.} 11. Re1 {[%emt 0:00:22] E48: Nimzo-Indian: Rubinstein: 5 Bd3 d5 including 6 Ne2, but excluding 6 a3.} Nce7 {[%emt 0:10:10] [#]} 12. Bc2 $146 ({Predecessor:} 12. Bb1 Re8 13. Qd3 Ng6 14. Nxd5 exd5 15. Bd2 Qh4 16. h3 Be6 17. Ba2 Rac8 18. Rac1 Rxc1 19. Bxc1 {½-½ (65) Struzka,V (2055)-Tauscher,K ICCF email 2013}) 12... Bd7 13. Qd3 {[%emt 0:01:34][%csl Gc2][%cal Rd3h7] [#] White has an edge.} f5 14. Bb3 Qb6 15. Nxd5 Nxd5 16. Bxd5 exd5 17. Bf4 Rae8 {[%emt 0:00:58][%cal Oe8e2] Against Be5} 18. g3 Bxf4 19. Nxf4 Re4 20. Red1 Bc6 21. h4 Rfe8 22. Qc3 g6 23. b4 Ba4 24. Rd2 Qc6 25. Qc5 Re1+ 26. Rxe1 Rxe1+ 27. Kg2 Qxc5 28. bxc5 $11 {[%emt 0:01:45][%mdl 4096] Endgame KRB-KRN} Bc6 29. Re2 Rd1 30. Ne6 Bd7 31. Nd8 {[%emt 0:01:11] [#] Black must now prevent Re7.} Rxd4 (31... Kf8 $5 ) 32. Re7 Bc6 33. Nxc6 ({White should play} 33. Nxb7 $14 Rc4 34. Nd8) 33... bxc6 $14 {[%emt 0:00:04] KR-KR. The position is equal.} 34. Rc7 Ra4 35. Rxc6 Rxa3 36. Rd6 Rc3 37. Rxd5 a5 38. c6 a4 39. Ra5 a3 40. c7 Rxc7 {[%emt 0:00:00] Weighted Error Value: White=0.05 (flawless) /Black=0.03 (flawless)} 1/2-1/2

[Event "FIDE Candidates Tournament 2022"]
[Site "Madrid"]
[Date "2022.07.01"]
[Round "12.3"]
[White "Duda, Jan-Krzysztof"]
[Black "Firouzja, Alireza"]
[Result "1/2-1/2"]
[ECO "D46"]
[WhiteElo "2750"]
[BlackElo "2804"]
[Annotator "TA"]
[PlyCount "82"]
[EventDate "2022.06.17"]
[EventType "tourn"]
[EventCountry "ESP"]
[SourceTitle "playchess.com"]
[Source "ChessBase"]
[SourceQuality "1"]
[TimeControl "40/7200:20/3600:900+30"]

1. d4 Nf6 2. c4 e6 3. Nf3 d5 4. Nc3 c6 5. e3 Nbd7 6. Qc2 Bd6 7. Be2 O-O 8. O-O dxc4 9. Bxc4 b5 10. Bd3 Bb7 11. a3 a5 {[%emt 0:00:40] 11...Rc8 gains popularity.} 12. e4 {[%emt 0:03:56] D46: Semi-Slav: 5 e3 Nbd7 6 Bd3, Black avoids the Meran.} e5 13. dxe5 Nxe5 14. Nxe5 Bxe5 15. h3 Ba6 16. Be3 b4 17. Bxa6 {[%emt 0:01:11] [#] Strongly threatening Rfd1.} bxc3 18. Bc4 cxb2 19. Rad1 Qe7 20. Bc5 $1 {[%emt 0:06:31] A strong pair of Bishops.} Qc7 21. Bxf8 Rxf8 22. g3 {[%emt 0:01:39] [#]} g5 $146 ({Predecessor:} 22... c5 23. f4 Bd4+ 24. Kh2 Qb7 25. Rfe1 Rb8 26. Ba2 g6 27. e5 Nd5 28. Rd3 a4 29. Qd2 Qc6 30. Qc2 Qb7 31. Qd2 Qc6 32. Qc2 {½-½ (32) Dubov,D (2629)-Shirov,A (2695) Moscow 2013}) 23. f4 gxf4 24. gxf4 Bxf4 25. Qxb2 {[%emt 0:03:40] Chess con chili.} Nh5 ({Black should try} 25... Be5 $1 $14 26. Qf2 Qe7) 26. Rd3 $16 {[%emt 0:08:09] 0x0.001e6c5f1f2fdp-1022s more active pieces.} Qe7 27. Rf2 $2 {[%emt 0:04:39] [#]} (27. Ba2 $18) 27... Be5 $1 $11 28. Qe2 Nf6 (28... Nf4 $1 $11 29. Qg4+ Kh8) 29. Kh1 Kh8 30. Rg2 Rb8 31. Ba2 {[%emt 0:02:07] Against Rb1+} Ne8 32. Qe3 {[%emt 0:00:48] And now Qg5 would win.} Nd6 33. Rd1 Qf6 34. Rf2 Qg6 35. Rg1 (35. Re2 $5 ) 35... Qxe4+ 36. Qxe4 Nxe4 37. Rxf7 (37. Rfg2 $14) 37... Ng3+ {[%emt 0:01:22] The position is equal.} 38. Kg2 Rb2+ 39. Rf2 Rxf2+ 40. Kxf2 Bd4+ 41. Kxg3 Bxg1 {[%emt 0:00:12] Weighted Error Value: White=0.18 (very precise) /Black=0.18 (very precise)} 1/2-1/2

[Event "FIDE Candidates Tournament 2022"]
[Site "Madrid"]
[Date "2022.07.04"]
[Round "14.4"]
[White "Duda, Jan-Krzysztof"]
[Black "Nepomniachtchi, Ian"]
[Result "1/2-1/2"]
[ECO "C43"]
[WhiteElo "2750"]
[BlackElo "2773"]
[Annotator "TA"]
[PlyCount "95"]
[EventDate "2022.06.17"]
[EventType "tourn"]
[EventCountry "ESP"]
[SourceTitle "playchess.com"]
[Source "ChessBase"]
[SourceQuality "1"]
[TimeControl "40/7200:20/3600:900+30"]

1. e4 e5 2. Nf3 Nf6 3. d4 Nxe4 4. dxe5 d5 5. Nbd2 Qd7 6. Bd3 {[%emt 0:00:22] C43: Petroff Defence: 3 d4.} Nc5 7. Be2 Ne6 8. O-O Be7 {[%emt 0:02:05] [#]} 9. Re1 $146 ({Predecessor:} 9. c4 Nf4 10. cxd5 Nxe2+ 11. Qxe2 Qxd5 12. Rd1 Bg4 13. h3 Bh5 14. Ne4 Bxf3 15. Qxf3 {1-0 (30) Hector,J (2501)-Westerberg,J (2534) Malmo 2018}) 9... O-O 10. Nf1 c5 11. Bd3 Rd8 12. Ng3 g6 13. c3 Nc6 14. h4 c4 15. Bc2 a5 16. h5 Ra6 17. Be3 d4 18. cxd4 Ncxd4 19. Ne4 {[%emt 0:09:20] The position is equal.} Nxf3+ 20. Qxf3 {[%emt 0:00:24] White wants to play Red1.} Nd4 21. Bxd4 Qxd4 22. Rad1 Qxb2 {[%emt 0:00:20] [#]} 23. hxg6 $1 hxg6 24. Rxd8+ Bxd8 25. Nd6 Be6 26. Bxg6 fxg6 27. Qe4 Kg7 {[%emt 0:19:13] [#] White must now prevent ...c3.} 28. Rb1 Bd5 $1 29. Rxb2 {[%emt 0:03:06] Chess con chili.} Bxe4 30. Nxe4 Rb6 31. Rxb6 Bxb6 $11 {[%emt 0:00:09][%mdl 4096] Endgame KB-KN} 32. Kf1 Bd4 33. Nd6 Bxe5 34. Nxc4 Bc7 35. Ke2 Kf6 36. Kd3 Ke6 37. Ke4 b5 38. Na3 b4 39. Nc4 a4 40. f4 b3 41. axb3 axb3 42. g4 Kf6 43. f5 gxf5+ 44. gxf5 Bb8 45. Kd3 Kxf5 46. Nd6+ Bxd6 47. Kc3 b2 48. Kxb2 {[%emt 1:09:30] An even fight not without its subleties.  Weighted Error Value: White=0.03 (flawless) /Black=0.03 (flawless)} 1/2-1/2